Map: Bel'Shir Vestige LE (Void)

Players

Lambo

  • Race: Zerg Zerg
  • Spawn Location: 5:00

Harstem - Winner!

  • Race: Protoss Protoss
  • Spawn Location: 11:00

Event: IEM XI Katowice - World Championship 2017

VOD

Have the link to the VOD?

Description

Time

  • Played on: Feb. 27, 2017, 6:32 a.m.
  • Length: 9:51

All games in this series

Show
View Real Time Build Order
Export as new Build Order

Lambo Zerg 

Build Orders: Hatch First, Lurkers 

Get SALT Encoding   

  12  0:00  Drone  
  13  0:12  Overlord  
  13  0:17  Drone  
  14  0:30  Drone x2  
  16  0:49  Hatchery  
  15  0:50  Drone  
  15  0:54  Drone  
  17  0:57  Drone  
  18  1:08  Extractor  
  17  1:12  Spawning Pool  
  17  1:15  Drone  
  18  1:18  Drone  
  18  1:28  Drone  
  19  1:39  Overlord  
  19  1:49  Drone  
  20  1:58  Queen  
  20  2:00  Queen  
  20  2:01  Zergling x4  
  26  2:09  Metabolic Boost  
  26  2:11  Drone  
  26  2:12  Drone  
  28  2:24  Drone x2  
  30  2:33  Drone  
  30  2:36  Hatchery  
  30  2:42  Queen  
  32  2:49  Drone  
  32  2:51  Overlord  
  33  2:57  Drone x2  
  34  3:00  Drone  
  35  3:08  Overlord  
  35  3:10  Drone x4  
  39  3:20  Drone x3  
  39  3:26  Queen  
  44  3:27  Extractor  
  44  3:28  Overlord  
  44  3:32  Drone x3  
  47  3:41  Lair  
  47  3:42  Drone  
  47  3:43  Drone x2  
  47  3:46  Zergling x2  
  47  3:48  Queen  
  51  3:53  Zergling x2  
  54  3:56  Spore Crawler  
  54  4:00  Roach Warren, Extractor  
  51  4:03  Evolution Chamber, Drone  
  51  4:05  Drone  
  52  4:11  Zergling x4, Drone  
  52  4:12  Zergling x4  
  57  4:19  Drone x4  
  57  4:21  Zergling x4  
  62  4:34  Drone x3  
  62  4:37  Zerg Missile Weapons Level 1  
  65  4:39  Extractor  
  65  4:41  Overseer, Extractor  
  65  4:42  Overlord, Roach  
  65  4:43  Overlord x2  
  65  4:49  Overlord  
  65  4:51  Overlord  
  65  4:55  Overlord  
  65  4:57  Extractor  
  65  4:58  Roach, Extractor  
  65  5:01  Overlord  
  65  5:02  Drone x3  
  65  5:06  Drone x3  
  71  5:10  Roach  
  71  5:12  Roach  
  71  5:13  Roach  
  77  5:20  Drone x3  
  80  5:24  Drone x2  
  80  5:25  Hydralisk Den  
  83  5:28  Drone x2  
  83  5:33  Drone x3  
  86  5:42  Overlord, Drone x2  
  88  5:45  Drone x5  
  88  5:47  Overlord  
  88  5:48  Glial Reconstitution  
  93  5:50  Roach  
  93  5:55  Roach  
  93  5:56  Baneling Nest  
  95  6:02  Drone x3  
  98  6:06  Zergling x4, Roach x2  
  98  6:11  Roach  
  106  6:14  Roach x3  
  106  6:15  Ravager  
  106  6:16  Ravager  
  106  6:17  Ravager  
  115  6:21  Roach x3  
  117  6:26  Roach x2  
  117  6:31  Roach  
  120  6:34  Roach  
  108  6:40  Roach  
  108  6:41  Roach x3  
  108  6:42  Roach x2  
  108  6:44  Zergling x4, Roach x2  
  113  6:49  Roach  
  105  6:54  Roach  
  105  6:55  Roach  
  105  6:58  Roach  
  100  7:06  Roach x2  
  93  7:09  Zergling x2  
  93  7:13  Ravager  
  93  7:14  Roach  
  88  7:15  Lurker Den  
  88  7:19  Roach  
  88  7:23  Roach  
  88  7:27  Ravager  
  93  7:31  Hydralisk  
  93  7:34  Hydralisk  
  93  7:39  Hatchery  
  93  7:41  Hydralisk  
  94  7:44  Hydralisk  
  94  7:45  Hydralisk  
  94  7:46  Hydralisk  
  100  7:53  Hydralisk x2  
  104  8:01  Zergling x8  
  108  8:07  Overlord x2  
  108  8:14  Overlord  
  108  8:24  Queen, Overlord  
  110  8:36  Overlord  
  109  8:42  Lurker x8  
  109  8:43  Zergling x10, Roach x2  
  109  8:47  Roach x2  
  130  8:53  Overseer  
  130  8:56  Zergling x2, Roach x2  
  130  8:57  Zergling x2  
  136  9:03  Zergling x6  
  136  9:06  Ravager  
  136  9:08  Zergling x2  
  141  9:10  Roach  
  141  9:11  Ravager  
  141  9:15  Zergling x2, Ravager  
  141  9:16  Zergling x2  
  147  9:19  Zergling x2  
  147  9:20  Zergling x4  
  149  9:25  Ravager x2  
  149  9:29  Zergling x6  
Show
View Real Time Build Order
Export as new Build Order

Harstem Protoss - Winner!

Build Orders: 1 Gate Expand, Zealot Archon, Dark Templar Rush 

Get SALT Encoding   

  12  0:01  Probe (Chrono Boost)  
  13  0:12  Probe (Chrono Boost)  
  14  0:22  Pylon  
  14  0:23  Probe (Chrono Boost)  
  15  0:40  Probe (Chrono Boost)  
  15  0:41  Gateway  
  16  0:50  Probe (Chrono Boost)  
  16  0:52  Assimilator  
  17  1:01  Probe (Chrono Boost)  
  18  1:11  Probe (Chrono Boost)  
  19  1:20  Nexus  
  19  1:25  Probe (Chrono Boost)  
  20  1:32  Cybernetics Core  
  20  1:36  Probe (Chrono Boost)  
  21  1:40  Assimilator  
  22  1:47  Probe (Chrono Boost)  
  22  1:49  Pylon  
  22  1:57  Probe (Chrono Boost)  
  23  2:08  Warp Gate, Adept, Probe (Chrono Boost)  
  26  2:18  Probe (Chrono Boost)  
  26  2:21  Twilight Council  
  27  2:29  Probe (Chrono Boost)  
  28  2:32  Probe (Chrono Boost)  
  29  2:39  Probe (Chrono Boost)  
  29  2:40  Robotics Facility  
  29  2:42  Probe (Chrono Boost)  
  31  2:50  Probe (Chrono Boost)  
  32  2:53  Probe (Chrono Boost)  
  33  3:00  Probe (Chrono Boost)  
  33  3:03  Probe (Chrono Boost)  
  35  3:07  Dark Shrine  
  35  3:11  Probe (Chrono Boost)  
  36  3:13  Gateway  
  36  3:14  Probe (Chrono Boost)  
  37  3:22  Probe (Chrono Boost), Warp Prism  
  37  3:24  Probe (Chrono Boost)  
  39  3:33  Assimilator  
  42  3:34  Probe (Chrono Boost)  
  42  3:36  Pylon, Adept  
  42  3:37  Mothership Core (Chrono Boost)  
  46  3:47  Pylon  
  46  3:55  Probe (Chrono Boost)  
  47  3:57  Probe (Chrono Boost)  
  48  4:05  Probe (Chrono Boost)  
  48  4:07  Probe (Chrono Boost)  
  50  4:17  Resonating Glaives, Probe (Chrono Boost)  
  51  4:20  Dark Templar  
  51  4:21  Dark Templar, Nexus  
  51  4:23  Pylon  
  56  4:25  Probe (Chrono Boost)  
  56  4:34  Pylon  
  56  4:35  Probe (Chrono Boost)  
  58  4:39  Probe (Chrono Boost)  
  58  4:44  Assimilator  
  58  4:48  Gateway x2  
  58  4:50  Dark Templar  
  58  4:52  Archon  
  60  4:56  Dark Templar, Probe (Chrono Boost)  
  63  5:00  Archon  
  63  5:01  Gateway  
  63  5:03  Immortal  
  63  5:14  Gateway  
  67  5:17  Gateway  
  67  5:19  Probe (Chrono Boost)  
  69  5:21  Adept, Probe (Chrono Boost)  
  69  5:28  Pylon  
  71  5:32  Probe (Chrono Boost)  
  71  5:34  Probe (Chrono Boost)  
  74  5:35  Probe (Chrono Boost)  
  74  5:39  Adept  
  74  5:41  Pylon  
  77  5:44  Probe (Chrono Boost)  
  77  5:46  Probe (Chrono Boost)  
  77  5:47  Adept x2  
  77  5:48  Adept  
  84  5:52  Probe (Chrono Boost)  
  85  6:02  Probe (Chrono Boost)  
  86  6:10  Adept x5  
  96  6:13  Probe (Chrono Boost)  
  96  6:18  Probe (Chrono Boost)  
  99  6:19  Probe (Chrono Boost)  
  99  6:20  Forge  
  99  6:21  Pylon  
  99  6:24  Pylon  
  99  6:25  Probe (Chrono Boost)  
  100  6:26  Adept x2  
  100  6:33  Adept x2  
  100  6:34  Adept x2  
  100  6:37  Probe (Chrono Boost)  
  100  6:38  Probe (Chrono Boost)  
  100  6:39  Probe (Chrono Boost)  
  107  6:44  Protoss Ground Weapons Level 1  
  107  6:46  Adept x3  
  107  6:49  Probe (Chrono Boost)  
  107  6:54  Adept x4  
  113  7:00  Pylon, Probe (Chrono Boost)  
  105  7:01  Assimilator  
  105  7:06  Probe (Chrono Boost)  
  105  7:07  Probe (Chrono Boost)  
  105  7:12  Adept x2  
  105  7:13  Adept  
  111  7:18  Probe (Chrono Boost)  
  111  7:20  Immortal  
  111  7:22  Probe (Chrono Boost), Stalker x3  
  115  7:23  Blink  
  119  7:35  Probe x2 (Chrono Boost)  
  119  7:36  Assimilator  
  121  7:39  Sentry x4  
  121  7:43  Photon Cannon  
  129  7:47  Pylon  
  129  7:48  Photon Cannon  
  129  7:50  Pylon  
  129  7:52  Sentry x2  
  129  7:53  Pylon x2  
  129  7:57  Pylon  
  133  8:07  Robotics Bay  
  133  8:11  Observer, Robotics Facility  
  132  8:23  Probe (Chrono Boost)  
  132  8:24  Stalker x3  
  140  8:28  Probe (Chrono Boost)  
  140  8:29  Stalker  
  142  8:36  Dark Templar, Nexus  
  142  8:41  Pylon  
  144  8:49  Disruptor  
  144  8:54  Disruptor, Probe (Chrono Boost)  
  148  9:02  Photon Cannon x2  
  151  9:04  Photon Cannon  
  151  9:16  Photon Cannon  
  151  9:18  Pylon  
  151  9:22  Stalker x5  
  162  9:32  Zealot x2  
  162  9:33  Pylon  
  164  9:39  Photon Cannon  
  164  9:40  Photon Cannon  
  164  9:45  Pylon  
  157  9:46  Pylon  

Tags
 
Add a new tag
Caveats
  • Supply blocks, unpowered buildings, or Contaminate may cause inaccurate times.
  • Supply counts are checked every 10 seconds.